 Dungeon Crawl Stone Soup version 0.18.1-50-g88ac8fd (webtiles) character file.

80 loralnil the Skirmisher (level 4, 0/37 HPs)
             Began as a Demonspawn Abyssal Knight on Sept 15, 2016.
             Was a Believer of Lugonu.
             Slain by an orc priest
             ... wielding a +1 flail of protection
              (3 damage)
             ... on level 3 of the Dungeon.
             The game lasted 00:07:16 (2563 turns).

loralnil the Skirmisher (Demonspawn Abyssal Knight) Turns: 2563, Time: 00:07:17

Health: 0/37       AC:  6    Str: 13    XL:     4   Next: 18%
Magic:  5/5        EV: 12    Int: 14    God:    Lugonu [**....]
Gold:   75         SH:  0    Dex: 12    Spells: 0 memorised, 3 levels left

rFire  . . .     SeeInvis .     a - +2 falchion
rCold  . . .     Gourm    .     b - +0 leather armour
rNeg   . . .     Faith    .     (no shield)
rPois  .         Spirit   .     l - +0 helmet
rElec  .         Dismiss  .     (no cloak)
rCorr  .         Reflect  .     (no gloves)
SustAt .         Harm     .     (no boots)
MR     .....                    d - amulet of inaccuracy (curse)
Stlth  +.........               (no ring)
                                (no ring)

@: not resistant to hostile enchantments, very unstealthy
A: talons 1, yellow scales 1, rot immunity
a: Depart the Abyss, Bend Space, Renounce Religion


You were on level 3 of the Dungeon.
You worshipped Lugonu.
Lugonu was pleased with you.
You were not hungry.

You visited 1 branch of the dungeon, and saw 3 of its levels.
You visited the Abyss 1 time.

You collected 75 gold pieces.

Inventory:

Hand Weapons
 a - a +2 falchion (weapon)
Armour
 b - a +0 leather armour (worn)
 l - a +0 helmet (worn)
Jewellery
 d - a cursed amulet of inaccuracy (around neck)
Wands
 j - a wand of flame (27/48)
Potions
 e - a potion of agility
 g - a potion of mutation
 i - a potion of brilliance {unknown}
 k - a potion of magic {unknown}
 m - a potion of beneficial mutation {unknown}
Comestibles
 c - 2 bread rations
 f - 9 fruits
 o - a beef jerky


   Skills:
 + Level 3.8 Fighting
 + Level 2.0 Long Blades
 + Level 2.0 Armour
 + Level 2.2 Dodging
 + Level 0.8 Stealth
 + Level 2.6 Invocations


You had 3 spell levels left.
You didn't know any spells.

Dungeon Overview and Level Annotations

Branches:
Dungeon (3/15)

Altars:
Ru


Innate Abilities, Weirdness & Mutations

You have sharp toenails.
You are partially covered in yellow scales (AC +2).
You are immune to rotting.


Message History

The orc priest is almost dead.
The orc priest hits you with a flail of protection.
* * * LOW HITPOINT WARNING * * *
The worm barely misses you.
The orc wizard casts a spell.
The orc wizard seems to speed up.
The orc completely misses you.
You hit the orc priest.
The orc priest is almost dead.
The orc wizard hits you with a dagger.
* * * LOW HITPOINT WARNING * * *
The orc priest misses you. The orc hits you with a falchion.
* * * LOW HITPOINT WARNING * * *
The worm bites you.
* * * LOW HITPOINT WARNING * * *
The orc wizard casts a spell.
The orc wizard blinks!
You hit the orc priest but do no damage.
The orc priest is almost dead.
The orc priest hits you with a flail of protection.
You die...

...$....
..##<### #..
### #.# #
#.# # #.#
#.# #s# #o#
#@#
......w§o..#
...........#
...o.......#
!..........#
...........#
####.......#
#.......#


You could see a worm, an orc priest, an orc wizard, an orc and a giant
cockroach.

Vanquished Creatures
  3 adders (D:2)
  2 dart slugs
  A giant gecko (D:3)
  8 bats
  9 goblins
  7 hobgoblins
  5 kobolds
  A quokka (D:2)
  A ball python (D:1)
  4 giant newts
  10 rats
51 creatures vanquished.

Vanquished Creatures (others)
  2 starspawn tentacles (Abyss:1)
  69 starspawn tentacle segments (Abyss:1)
71 creatures vanquished.

Grand Total: 122 creatures vanquished

Notes
Turn   | Place    | Note
--------------------------------------------------------------
     0 | Abyss:1  | loralnil the Demonspawn Abyssal Knight began the quest for the Orb.
     0 | Abyss:1  | Reached XP level 1. HP: 18/18 MP: 2/2
    43 | Abyss:1  | Noticed a tentacled starspawn
    65 | Abyss:1  | Noticed a thrashing horror
    66 | D:1      | Escaped the Abyss
   115 | D:1      | Reached * piety under Lugonu
   241 | D:1      | Reached skill level 1 in Dodging
   241 | D:1      | Gained mutation: You have sharp toenails. [demonic ancestry]
   241 | D:1      | Reached XP level 2. HP: 11/24 MP: 3/3
  1319 | D:1      | Gained mutation: You are partially covered in yellow scales (AC +2). [demonic ancestry]
  1319 | D:1      | Reached XP level 3. HP: 19/29 MP: 4/4
  2099 | D:2      | Gained mutation: You are immune to rotting. [demonic ancestry]
  2099 | D:2      | Reached XP level 4. HP: 35/37 MP: 5/5
  2100 | D:2      | Reached ** piety under Lugonu
  2331 | D:2      | Found a sacrificial altar of Ru.
  2563 | D:3      | Slain by an orc priest

Skill      XL: |  1  2  3 |
---------------+----------+-----
Dodging        | 1 2 |  2.2
Armour         | 2 |  2.0
Long Blades    | 2 |  2.0
Fighting       | |  3.8
Stealth        | |  0.8
Invocations    | |  2.6

Action                   |  1- 3 |  4- 6 || total
-------------------------+-------+-------++-------
Melee: Falchion          |   172 |    57 ||   229
       Kick              |    14 |     4 ||    18
Invok: Depart the Abyss  |     1 |       ||     1
  Use: Scroll            |     7 |     2 ||     9
       Potion            |       |     1 ||     1
 Stab: Sleeping          |     1 |       ||     1
  Eat: Chunk             |     4 |     2 ||     6
Armor: Leather armour    |    85 |    27 ||   112
Dodge: Dodged            |   148 |    43 ||   191
